 Dungeon Crawl Stone Soup version 0.22-a0-422-g9628fc8 (webtiles) character file.

238 theanonym the Poker (level 5, -3/42 HPs)
             Began as a Mummy Warper on May 19, 2018.
             Was an Initiate of Makhleb.
             Slain by a killer bee (6 damage)
             ... on level 5 of the Dungeon.
             The game lasted 00:07:38 (3534 turns).

theanonym the Poker (Mummy Warper)                  Turns: 3534, Time: 00:07:39

Health: -3/42      AC: 14    Str: 15    XL:     5   Next: 78%
Magic:  9/9        EV:  3    Int: 15    God:    Makhleb [......]
Gold:   236        SH:  3    Dex: 12    Spells: 9/9 levels left

rFire    x . .     SeeInvis .   a - +2 trident
rCold    + . .     Gourm    .   f - +0 buckler
rNeg     + + +     Faith    .   k - +0 plate armour
rPois    ∞         Spirit   .   l - +2 helmet {Int+3}
rElec    .         Reflect  .   c - +0 cloak
rCorr    .         Harm     .   (no gloves)
MR       .....                  (no boots)
Stlth    ..........             (no amulet)
HPRegen  0.14/turn              (no ring)
MPRegen  0.11/turn              (no ring)

@: no status effects
A: no food or potions, fire vulnerability, cold resistance 1, negative energy
resistance 3, torment resistance, unbreathing
a: Renounce Religion


Innate Abilities, Weirdness & Mutations

You do not eat or drink.
Your flesh is vulnerable to fire.
You are immune to poison.
Your flesh is cold resistant. (rC+)
You are immune to negative energy. (rN+++)
You are immune to unholy pain and torment.
You can survive without breathing.


   Skills:
 + Level 3.8 Fighting
 * Level 4.2 Polearms
 - Level 0.7 Throwing
 - Level 0.7 Armour
 - Level 1.5 Dodging
 - Level 2.6 Spellcasting
   Level 2.4 Translocations


You had 9 spell levels left.
You didn't know any spells.
Your spell library contained the following spells:

 Spells                   Type           Power        Failure   Level  Hunger
 Teleport Other           Tloc           #.......     100%        3    N/A
 Blink                    Tloc           N/A          100%        2    N/A
 Passage of Golubria      Tloc           N/A          100%        4    N/A
 Shroud of Golubria       Chrm/Tloc      #.........   100%        2    N/A
 Gell's Gravitas          Tloc           #.........   100%        3    N/A
 Lesser Beckoning         Tloc           #.........   100%        3    N/A

Skill      XL: |  1  2  3  4  5 |
---------------+----------------+-----
Polearms       | 2 3 4 |  4.2
Fighting       | 3 |  3.8
Throwing       | |  0.7
Armour         | |  0.7
Dodging        | |  1.5
Spellcasting   | |  2.6
Translocations | |  2.4

Action                   |  1- 3 |  4- 6 || total
-------------------------+-------+-------++-------
Melee: Spear             |   192 |   215 ||   407
       Trident           |       |    23 ||    23
  Use: Scroll            |       |     7 ||     7
Armor: Leather armour    |    16 |       ||    16
       Ring mail         |    49 |       ||    49
       Plate armour      |     9 |   176 ||   185
Dodge: Dodged            |    70 |    32 ||   102
Block: Buckler           |    12 |    21 ||    33

Inventory:

Hand Weapons
 a - a +2 trident (weapon)
   (You found it on level 5 of the Dungeon)
 h - a +1 spear
Missiles
 e - 5 tomahawks of dispersal (quivered)
Armour
 c - a +0 cloak (worn)
   (You found it on level 1 of the Dungeon)
 f - a +0 buckler (worn)
   (You took it off a kobold on level 1 of the Dungeon)
 k - a +0 plate armour (worn)
   (You found it on level 2 of the Dungeon)
 l - a +2 helmet of intelligence (worn)
   (You found it on level 1 of the Dungeon)
 m - a +0 pair of gloves
   (You found it on level 4 of the Dungeon)
Wands
 d - a wand of digging (14)
   (You found it on level 3 of the Dungeon)
Scrolls
 g - a scroll of enchant armour
 n - a scroll of remove curse
 t - a scroll of teleportation {!r}
 B - a scroll of blinking


You were on level 5 of the Dungeon.
You worshipped Makhleb.
Makhleb was noncommittal.
You were not hungry.

You visited 1 branch of the dungeon, and saw 5 of its levels.

You collected 236 gold pieces.

Dungeon Overview and Level Annotations

Branches:
Dungeon (5/15)
 Temple: D:4-7

Altars:
Cheibriados
Elyvilon
Hepliaklqana
Kikubaaqudgha
Makhleb
Trog
Uskayaw
Xom
Zin

Shops:
D:4 [

Annotations:
D:4 exclusion: 2 upstairs, Borgoz's ghost, amateur GrAK

.# #.#.......... .#
###.##.#####.#.# .#
................. .#
######.##.#...#.#.# .#
....5..............
.#y.########...###.#..##.#
.......?y....5y#....#
........##...#y#....#
..#####.##...#@#...##
#.##...#.#...>
#.##...#.#..###
#.##...#.#... #.##...#.#
#.##...#.# #.# #.#


You could see 2 killer bees and a shadow imp.

Notes
Turn   | Place    | Note
-------+----------+-------------------------------------------
     0 | D:1      | theanonym the Mummy Warper began the quest for the Orb.
     0 | D:1      | Reached XP level 1. HP: 16/16 MP: 4/4
   182 | D:1      | Reached skill level 2 in Polearms
   238 | D:1      | Reached XP level 2. HP: 20/22 MP: 5/5
   418 | D:1      | Found a glowing silver altar of Zin.
   811 | D:1      | Reached XP level 3. HP: 28/28 MP: 7/7
  1054 | D:2      | Reached skill level 3 in Polearms
  1084 | D:2      | Found a burning altar of Makhleb.
  1088 | D:2      | Found a glowing silver altar of Zin.
  1090 | D:2      | Found a snail-covered altar of Cheibriados.
  1094 | D:2      | Became a worshipper of Makhleb the Destroyer
  1208 | D:2      | Reached XP level 4. HP: 31/34 MP: 8/8
  1394 | D:3      | Reached skill level 3 in Fighting
  1495 | D:3      | Found a white marble altar of Elyvilon.
  1526 | D:3      | Found an ancient bone altar of Kikubaaqudgha.
  1624 | D:3      | Found a hide-covered altar of Uskayaw.
  1822 | D:3      | Reached XP level 5. HP: 37/41 MP: 9/9
  1977 | D:4      | Noticed Borgoz's ghost (amateur GrAK)
  2163 | D:4      | Found a hazy altar of Hepliaklqana.
  2229 | D:4      | HP: 15/41 [Borgoz's ghost (7)]
  2434 | D:4      | Found a shimmering altar of Xom.
  2450 | D:4      | Found a bloodstained altar of Trog.
  2504 | D:4      | HP: 20/41 [Borgoz's ghost (5)]
  2812 | D:4      | HP: 19/41 [Borgoz's ghost (7)]
  3160 | D:4      | Reached skill level 4 in Polearms
  3170 | D:4      | Found Adafooga's Antique Armour Emporium.
  3184 | D:4      | Noticed an ogre
  3190 | D:5      | Entered Level 5 of the Dungeon
  3228 | D:5      | Noticed an ogre
  3252 | D:5      | HP: 13/42 [ogre/giant club (12)]
  3529 | D:5      | HP: 21/42 [killer bee (2)]
  3531 | D:5      | HP: 6/42 [killer bee (6)]
  3534 | D:5      | Slain by a killer bee

Vanquished Creatures
  A howler monkey (D:3)
  A bullfrog skeleton (D:4)
  A centaur skeleton (D:4)
  A worker ant (D:3)
  4 adders
  An ooze (D:1)
  A worm (D:2)
  2 dart slugs
  An orc (D:3)
  8 bats
  10 goblins
  5 hobgoblins
  4 jackals (D:4)
  15 kobolds
  A quokka (D:2)
  4 ball pythons
  5 frilled lizards
  A quokka skeleton (D:4)
  11 rats
77 creatures vanquished.

Vanquished Creatures (others)
  A hobgoblin (D:1)
1 creature vanquished.

Grand Total: 78 creatures vanquished

Table legend:
 A = Turns spent in this place as a percentage of turns spent in the entire game.
 B = Non-inter-level travel turns spent in this place as a percentage of non-inter-level travel turns spent in the entire game.
 C = Inter-level travel turns spent in this place as a percentage of turns spent in this place.
 D = Turns resting spent in this place as a percentage of non-inter-level travel turns spent in this place.
 E = Turns spent auto-exploring this place as a percentage of non-inter-level travel turns spent in this place.
 F = Non-inter-level travel turns spent in this place divided by the number of levels of this place that you've seen.
                   A       B       C       D       E      F
               +-------+-------+-------+-------+-------+----------------------
         Total | 100.0 | 100.0 |   6.6 |  29.9 |  43.5 | 660.0
       Dungeon | 100.0 | 100.0 |   6.6 |  29.9 |  43.5 | 660.0
               +-------+-------+-------+-------+-------+----------------------
